 Dungeon Crawl Stone Soup version 0.31.0-32-g396128a36d (webtiles) character file.

Game seed: 10634872006174624832

19449 PaiMei the Fighter (level 12, 0/96 (106) HPs)
             Began as a Demonspawn Necromancer on Apr 3, 2024.
             Was a Priest of Kikubaaqudgha.
             Slain by a water elemental (7 damage)
             ... on level 1 of the Lair of Beasts.
             The game lasted 00:28:52 (15422 turns).

PaiMei the Fighter (Demonspawn Necromancer)        Turns: 15422, Time: 00:28:53

HP:   0/96 (106)    AC: 13    Str: 15    XL:     12   Next: 36%
MP:   25/25         EV: 14    Int: 20    God:    Kikubaaqudgha [***...]
Gold: 646           SH:  0    Dex: 14    Spells: 5/30 levels left

rFire   . . .        u - +2 dagger (venom)
rCold   . . .        (no shield)
rNeg    . . .        D - +4 ring mail
rPois   .            (helmet unavailable)
rElec   .            M - +0 cloak
rCorr   .            (no gloves)
SInv    +            v - +2 pair of boots
Will    .....        l - amulet of magic regeneration
Stlth   ++           E - +6 ring of strength
HPRegen 0.36/turn    (no ring)
MPRegen 0.59/turn

%: no passive effects
@: engulfed (cannot breathe), animating dead, studying Fighting, drained
A: antennae 3, hooves 1, demonic magic 1, demonic touch 1
a: Renounce Religion, Unearth Wretches


You were on level 1 of the Lair of Beasts.
You worshipped Kikubaaqudgha.
Kikubaaqudgha was most pleased with you.
You visited 3 branches of the dungeon, and saw 13 of its levels.

You collected 646 gold pieces.

Inventory:

Hand Weapons
 a - a +0 hand axe of draining
 n - a +0 spear of venom
 u - a +2 dagger of venom (weapon)
 X - a +1 shortbow of freezing
Missiles
 q - 2 throwing nets
 L - 2 poisoned darts
 O - 2 atropa-tipped darts (quivered)
 W - 4 curare-tipped darts
Armour
 m - an orb of light
 v - a +2 pair of boots (worn)
 D - a +4 ring mail (worn)
 M - a +0 cloak (worn)
 P - a +0 troll leather armour
 V - the +2 leather armour of Divine Compulsion {Rampage rC- rN+++ Stlth+}
   (You found it on level 10 of the Dungeon)

   rC-:       It makes you vulnerable to cold.
   rN+++:     It renders you almost immune to negative energy.
   Rampage:   It bestows one free step when moving towards enemies.
   Stlth+:    It makes you more stealthy.
Magical Staves
 k - a staff of death
Jewellery
 l - an amulet of magic regeneration (around neck)
 t - a ring of wizardry
 E - a +6 ring of strength (left hand)
 H - a ring of flight
 T - a ring of resist corrosion
Wands
 s - a wand of polymorph (6)
 C - a wand of light (8)
 I - a wand of charming (28)
 Q - a wand of digging (7)
 U - a wand of roots (7)
Scrolls
 c - 4 scrolls of poison
 e - 2 scrolls of fear
 g - a scroll of amnesia {unknown}
 i - 4 scrolls of teleportation
 p - a scroll of fog {unknown}
 w - a scroll of silence {unknown}
 x - 2 scrolls of revelation
 y - 2 scrolls of immolation {unknown}
 A - 2 scrolls of identify
 B - 3 scrolls of blinking
 F - a scroll of enchant weapon {unknown}
 G - 2 scrolls of vulnerability {unknown}
 N - 2 scrolls of enchant armour {unknown}
 Y - a scroll of torment {unknown}
Potions
 b - 3 potions of magic
 d - 4 potions of enlightenment
 f - a potion of heal wounds
 h - a potion of cancellation {unknown}
 j - a potion of haste {unknown}
 o - 3 potions of attraction
 r - 5 potions of curing
 z - 3 potions of brilliance
 J - 2 potions of ambrosia {unknown}
 K - a potion of might {unknown}
 R - a potion of mutation {unknown}
 S - a potion of degeneration {unknown}


   Skills:
 + Level 13.8 Fighting
 - Level 9.2 Dodging
 - Level 3.3 Stealth
 + Level 9.8 Spellcasting
 + Level 12.2 Necromancy
 + Level 3.2 Evocations


You had 5 spell levels left.
You knew the following spells:

 Your Spells              Type           Power      Damage    Failure   Level
a - Necrotise             Necr           100%       1d9       1%          1
b - Vampiric Draining     Necr           56%        2d10      1%          3
c - Animate Dead          Necr           56%        N/A       1%          4
d - Curse of Agony        Necr           56%        N/A       2%          5
e - Dispel Undead         Necr           56%        3d20      1%          4
f - Anguish               Hex/Necr       17%        N/A       12%         4
g - Martyr's Knell        Necr/Summ      34%        N/A       12%         4

Your spell library contained the following spells:

 Spells                   Type           Power      Damage    Failure   Level
 Fugue of the Fallen      Necr           56%        N/A       1%          3
 Cigotuvi's Dreadful Rot  Necr/Alch/Air  52%        N/A       4%          2
 Sandblast                Erth           18%        2d7       14%         1
 Call Canine Familiar     Summ           9%         N/A       38%         3
 Ozocubu's Armour         Ice            9%         N/A       38%         3
 Passwall                 Erth           9%         N/A       38%         3
 Sigil of Binding         Hex            9%         N/A       38%         3
 Stone Arrow              Conj/Erth      18%        3d8       38%         3
 Brom's Barrelling Bould  Conj/Erth      9%         2d3       80%         4
 Dimensional Bullseye     Hex/Tloc       4%         N/A       80%         4
 Manifold Assault         Tloc           9%         N/A       80%         4
 Death Channel            Necr           28%        N/A       14%         6


Dungeon Overview and Level Annotations

Branches:
Dungeon (10/15)            Temple (1/1) D:6            Lair (2/5) D:8
 Shoals (0/4) Lair:2
  Snake: Lair:2-3    Spider: Lair:2-3       Orc: D:9-12

Altars:
Ashenzari
Cheibriados
Dithmenos
Fedhas
Gozag
Hepliaklqana
Kikubaaqudgha
Makhleb
Nemelex Xobeh
Okawaru
Qazlal
Ru
Sif Muna
Trog
Uskayaw
Vehumet
Wu Jian
Xom
Yredelemnul

Shops:
D:6 =

Annotations:
D:9 Erolcha
Lair:2 2 transporters, exclusion: oklob plant, bigdog255's ghost, journeyman DsSu


Innate Abilities, Weirdness & Mutations

You have a pair of large antennae on your head. (SInv)
You have large cloven feet.
Spells you cast may paralyse adjacent enemies.
Your touch may inflict minor irresistible damage on your foes.


Message History

The water elemental is heavily damaged.
The water elemental closely misses you.
You hit the water elemental but do no damage.
You touch the water elemental!
The water elemental is severely damaged.
The water elemental hits you!
* * * LOW HITPOINT WARNING * * *
The water elemental engulfs you in water!
You hit the water elemental but do no damage.
Your touch misses the water elemental.
The water elemental is severely damaged.
* * * LOW HITPOINT WARNING * * *
Your lungs strain for air!
The water elemental hits you.
You barely miss the water elemental.
The water elemental is severely damaged.
* * * LOW HITPOINT WARNING * * *
Your lungs strain for air!
The water elemental misses you.
You feel much better.
Your lungs strain for air!
The water elemental hits you!
* * * LOW HITPOINT WARNING * * *
You hit the water elemental.
The water elemental is severely damaged.
* * * LOW HITPOINT WARNING * * *
Your lungs strain for air!
The water elemental hits you.
You barely miss the water elemental.
The water elemental is severely damaged.
* * * LOW HITPOINT WARNING * * *
Your lungs strain for air!
The water elemental completely misses you.
You hit the water elemental.
The water elemental is almost destroyed.
* * * LOW HITPOINT WARNING * * *
Your lungs strain for air!
The water elemental hits you!
You die...
Kikubaaqudgha rasps: "You have failed me!
Welcome... death!"

#### ##..## #....# #.#.##
##..## ###...# # #######
#.....## ## #.....## ##.....#
#####. #......# #..@.<.##
#.##.. ##.#..## ##E.....##
##....# ###..### ##....#.#
#...### #....## #P...####
###..### ##....# ##....#
####....##. ##..#.#####...#.#
##.P........
##......#P.#.....###....##...#.
#.......#...##.......#..##.....
##.....###..................###


You could see a water elemental.

Vanquished Creatures
  Gastronok (Lair:2)
  Erica (Lair:2)
  A two-headed ogre (D:7)
  A boulder beetle (Lair:1)
  A skyshark (Lair:1)
  Pikel (D:9)
  A black mamba (Lair:1)
  3 cane toads (Lair:1)
  An unseen horror (D:7)
  A komodo dragon (Lair:2)
  2 trolls
  A polar bear (Lair:2)
  A hornet (D:8)
  Grinder (D:5)
  Prince Ribbit (D:8)
  10 blink frogs
  A wyvern (D:8)
  3 shadows
  13 yaks
  Grum (D:10)
  A basilisk (Lair:2)
  2 steam dragons
  An acid dragon (D:9)
  5 water moccasins
  4 ice beasts (D:5)
  A black bear (D:6)
  2 orc warriors
  4 sky beasts
  10 wolves
  4 ogres
  6 centaurs
  A gnoll sergeant (D:9)
  9 bullfrogs
  2 scorpions
  4 wights (D:8)
  15 killer bees
  3 howler monkeys
  An electric eel (Lair:2)
  2 jellies
  5 orc priests
  3 bombardier beetles
  6 hounds
  3 iguanas
  2 sleepcaps
  Ijyb (D:5)
  4 orc wizards
  6 hell rats (Lair:2)
  Terence (D:2)
  10 gnolls
  6 adders
  A shadow imp (D:6)
  2 white imps
  5 ufetubi
  3 ribbon worms
  2 dart slugs
  27 orcs
  6 bats
  13 endoplasms
  4 giant cockroaches
  5 goblins
  7 hobgoblins
  3 kobolds
  4 quokkas
  4 ball pythons
  A frilled lizard (D:1)
  11 rats
  A butterfly (Lair:2)
269 creatures vanquished.

Vanquished Creatures (collateral kills)
  A cane toad (Lair:1)
  4 blink frogs (Lair:1)
  A basilisk (Lair:1)
  5 wolves (Lair:1)
  A bullfrog (Lair:1)
  A gnoll bouda (D:5)
  A hell rat (Lair:2)
  A ball python (D:1)
  A hobgoblin (D:1)
  A rat (D:2)
17 creatures vanquished.

Vanquished Creatures (others)
  A cane toad zombie (Lair:1)
  A komodo dragon zombie (Lair:2)
  A centaur zombie (D:9)
  A hell rat zombie (Lair:2)
4 creatures vanquished.

Grand Total: 290 creatures vanquished

Notes
Turn   | Place    | Note
-------+----------+-------------------------------------------
     0 | D:1      | PaiMei the Demonspawn Necromancer began the quest for the
                  | Orb.
     0 | D:1      | Reached XP level 1. HP: 13/13 MP: 3/3
   135 | D:1      | Discovered your monstrous ancestry.
   135 | D:1      | Gained mutation: You have large cloven feet. [demonic
                  | ancestry]
   135 | D:1      | Reached XP level 2. HP: 19/19 MP: 1/5
   268 | D:1      | Found a faded altar of an unknown god.
  1136 | D:2      | Gained mutation: You have a pair of small antennae on your
                  | head. [demonic ancestry]
  1136 | D:2      | Reached XP level 3. HP: 16/24 MP: 2/6
  1539 | D:2      | Reached XP level 4. HP: 15/30 MP: 0/7
  1907 | D:2      | Reached skill level 5 in Necromancy
  2013 | D:2      | Noticed Terence
  2023 | D:2      | Killed Terence
  2576 | D:3      | Reached XP level 5. HP: 35/35 MP: 7/9
  3498 | D:3      | Learned a level 3 spell: Vampiric Draining
  3545 | D:3      | Reached XP level 6. HP: 42/42 MP: 2/10
  3835 | D:4      | Found a basalt altar of Yredelemnul.
  4001 | D:4      | Reached skill level 1 in Fighting
  4438 | D:4      | Reached skill level 2 in Fighting
  4438 | D:4      | Reached XP level 7. HP: 43/50 MP: 6/12
  4857 | D:5      | Entered Level 5 of the Dungeon
  4979 | D:5      | Reached skill level 3 in Fighting
  5153 | D:5      | Reached skill level 4 in Fighting
  5161 | D:5      | Gained mutation: You have a pair of antennae on your head.
                  | [demonic ancestry]
  5161 | D:5      | Reached XP level 8. HP: 56/61 MP: 4/14
  5219 | D:5      | Found a burning altar of Makhleb.
  5228 | D:5      | Found a shimmering blue altar of Sif Muna.
  5380 | D:5      | Noticed Grinder
  5382 | D:5      | Paralysed by Grinder for 2 turns
  5397 | D:5      | Killed Grinder
  5398 | D:5      | Reached skill level 5 in Fighting
  5398 | D:5      | Reached skill level 5 in Spellcasting
  5405 | D:5      | Reached skill level 5 in Dodging
  5636 | D:5      | Noticed Ijyb
  5645 | D:5      | Killed Ijyb
  5686 | D:5      | Found a snail-covered altar of Cheibriados.
  5755 | D:5      | Reached skill level 6 in Fighting
  5900 | D:5      | Learned a level 4 spell: Animate Dead
  5906 | D:5      | Learned a level 5 spell: Curse of Agony
  5951 | D:6      | Found Qailefie's Jewellery Shop.
  6026 | D:6      | Found a staircase to the Ecumenical Temple.
  6042 | Temple   | Entered the Ecumenical Temple
  6051 | Temple   | Became a worshipper of Kikubaaqudgha
  6193 | D:6      | Gained mutation: Your touch may inflict minor irresistible
                  | damage on your foes. [demonic ancestry]
  6193 | D:6      | Reached XP level 9. HP: 71/71 MP: 13/17
  6387 | D:6      | Reached skill level 7 in Fighting
  6510 | D:7      | Noticed a two-headed ogre
  6967 | D:7      | Killed an unseen horror
  6968 | D:7      | Reached skill level 8 in Fighting
  7195 | D:7      | Killed a two-headed ogre
  7474 | D:7      | Found an iron altar of Okawaru.
  7482 | D:7      | Reached skill level 9 in Fighting
  7583 | D:7      | Found an opulent altar of Gozag.
  8111 | D:8      | Found a staircase to the Lair.
  8130 | D:8      | Noticed Prince Ribbit
  8146 | D:8      | Gained mutation: You have a pair of large antennae on your
                  | head. (SInv) [demonic ancestry]
  8146 | D:8      | Reached XP level 10. HP: 81/83 MP: 17/20
  8157 | D:8      | Killed Prince Ribbit
  8605 | D:8      | Reached * piety under Kikubaaqudgha
  8605 | D:8      | Received a gift from Kikubaaqudgha
  9090 | D:9      | Noticed Erolcha
  9333 | D:9      | Reached skill level 10 in Fighting
  9492 | D:9      | Noticed Pikel
  9505 | D:9      | Killed Pikel
  9515 | D:9      | Reached skill level 10 in Necromancy
  9602 | D:9      | Found a sparkling altar of Nemelex Xobeh.
  9867 | D:10     | Entered Level 10 of the Dungeon
  9867 | D:10     | Noticed Grum
  9914 | D:10     | Killed Grum
 10125 | D:10     | Identified the +2 leather armour of Divine Compulsion
                  | {Rampage rC- rN+++ Stlth+}
 10172 | D:10     | Reached skill level 11 in Fighting
 10326 | D:10     | Gained mutation: Spells you cast may paralyse adjacent
                  | enemies. [demonic ancestry]
 10326 | D:10     | Reached XP level 11. HP: 93/93 MP: 3/23
 10456 | D:10     | Found an ornate altar of the Wu Jian Council.
 11637 | Lair:1   | Entered Level 1 of the Lair of Beasts
 11699 | Lair:1   | Noticed a skyshark
 11712 | Lair:1   | Killed a skyshark
 11713 | Lair:1   | Noticed a boulder beetle
 11715 | Lair:1   | Reached ** piety under Kikubaaqudgha
 11774 | Lair:1   | Killed a boulder beetle
 12131 | Lair:1   | Reached skill level 12 in Fighting
 12891 | Lair:2   | Noticed Gastronok
 12895 | Lair:2   | Reached skill level 13 in Fighting
 12943 | Lair:1   | Reached *** piety under Kikubaaqudgha
 12943 | Lair:1   | Received a gift from Kikubaaqudgha
 12970 | Lair:2   | Reached XP level 12. HP: 98/105 MP: 19/25
 12987 | Lair:1   | Learned a level 4 spell: Dispel Undead
 12992 | Lair:1   | Learned a level 4 spell: Anguish
 12997 | Lair:1   | Learned a level 4 spell: Martyr's Knell
 13066 | Lair:2   | Noticed bigdog255's ghost (journeyman DsSu)
 13112 | Lair:2   | Noticed Erica
 13507 | Lair:2   | Killed Erica
 13508 | Lair:2   | Reached skill level 1 in Evocations
 13956 | Lair:2   | Killed Gastronok
 14777 | Lair:2   | Found a transporter.
 15304 | Lair:2   | Found a transporter.
 15393 | Lair:2   | Found a staircase to the Shoals.
 15422 | Lair:1   | Slain by a water elemental

Illustrated notes

Levels and vault maps discovered:
D:1:      minmay_arrival_stone_box, layout_loops_corners,
          shapermc_ecumenical_altar_starsandcircs
D:2:      layout_loops_cross, minmay_rat_gold_closets, uniq_terence
D:3:      layout_loops_corners, feat_on_display
D:4:      layout_cave_pods, lemuel_tele_altar, solitary_fountain,
          minmay_manual_mess
D:5:      layout_basic, cheibrodos_worm_habitat,
          mainiacjoe_overflow_catwalk_spiral, due_unseen_surprise, uniq_grinder,
          uniq_ijyb
D:6:      layout_rooms, lemuel_round_altar, minmay_temple_entry_waves,
          serial_shops, nicolae_stop_n_shop_2
D:7:      layout_loops_ring, grunt_gozag_statues, okawaru_ov_weapons_minmay,
          dk_vineyard_1, nicolae_benzene_ring, minmay_circle_x
D:8:      layout_basic, lair_entry_dummy, serial_bayou, serial_bayou_pond_d,
          serial_bayou_shore_b, serial_bayou_crossing, serial_bayou_pond_a,
          minivault_27, uniq_prince_ribbit1
D:9:      layout_cave_pools, mainiacjoe_overflow_concentric_impassable,
          uniq_erolcha, uniq_pikel
D:10:     layout_roguey, nzn_wu_jian_contemplation, uniq_grum
Temple:   nicolae_temple_ecumenical_triangle
Lair:1:   layout_misc_corridors, minivault_24, nicolae_quartered_pool_medium
Lair:2:   layout_cave_pods, minmay_shoals_entry_hut,
          gammafunk_ghost_abyssal_escape, minmay_lair_oklob_items,
          grunt_megastairs_1, lemuel_fruit_fields, lemuel_fruit_tree,
          uniq_gastronok, uniq_erica

Skill      XL: |  1  2  3  4  5  6  7  8  9 10 11 12 |
---------------+-------------------------------------+-----
Stealth        | 2 3 |  3.3
Dodging        | 2 3 4 5 6 8 9 |  9.2
Necromancy     | 5 6 7 9 10 11 12 | 12.2
Spellcasting   | 3 4 5 6 8 9 |  9.8
Fighting       | 2 4 6 9 11 13 | 13.8
Evocations     | 3 |  3.2

Action                     |  1- 3 |  4- 6 |  7- 9 | 10-12 || total
---------------------------+-------+-------+-------+-------++-------
  Melee: Dagger            |    11 |    19 |   119 |   117 ||   266
         Spear             |       |     3 |       |       ||     3
         Punch             |       |     1 |     4 |     5 ||    10
         Touch             |       |       |     8 |    63 ||    71
         Hand axe          |       |       |       |   162 ||   162
   Cast: Necrotise         |    63 |   101 |    83 |    67 ||   314
         Vampiric Draining |       |    17 |   105 |   185 ||   307
         Animate Dead      |       |       |     1 |     6 ||     7
         Curse of Agony    |       |       |       |     6 ||     6
  Evoke: Wand              |       |       |       |     1 ||     1
    Use: Scroll            |       |       |     2 |    11 ||    13
         Potion            |       |       |       |     4 ||     4
   Stab: Paralysed         |       |       |       |    47 ||    47
         Sleeping          |       |       |       |     1 ||     1
 Armour: Robe              |    13 |    33 |    77 |       ||   123
         Ring mail         |       |       |   132 |   345 ||   477
  Dodge: Dodged            |    20 |    25 |   191 |   336 ||   572
